 Dungeon Crawl Stone Soup version 0.24.0-13-gcf9b319 (webtiles) character file.

Game seed: 17311308970941415984, levelgen mode: deterministic

154 Fang the Skirmisher (level 5, 0/49 HPs)
             Began as a Gargoyle Berserker on Nov 19, 2019.
             Was a Priest of Trog.
             Slain by an orc priest
             ... wielding a +0 flail
              (3 damage)
             ... on level 3 of the Dungeon.
             The game lasted 00:01:55 (2224 turns).

Fang the Skirmisher (Gargoyle Berserker)            Turns: 2224, Time: 00:01:56

Health: 0/49       AC:  6    Str: 27    XL:     5   Next: 35%
Magic:  5/5        EV: 12    Int:  7    God:    Trog [***...]
Gold:   160        SH:  0    Dex:  9    Spells: 4/4 levels left

rFire    . . .     SeeInvis .   a - +0 hand axe
rCold    . . .     Gourm    .   (no shield)
rNeg     + . .     Faith    .   b - +0 animal skin
rPois    ∞         Spirit   .   (no helmet)
rElec    +         Reflect  .   (no cloak)
rCorr    .         Harm     .   (no gloves)
MR       +....                  (no boots)
Stlth    ..........             (no amulet)
HPRegen  0.16/turn              g - ring of protection from magic
MPRegen  0.09/turn              (no ring)

@: berserking, very quick
A: negative energy resistance 1, electricity resistance, unbreathing,
petrification resistance, rot immunity, AC +4
a: Berserk, Trog's Hand, Renounce Religion


You were on level 3 of the Dungeon.
You worshipped Trog.
Trog was most pleased with you.
You were hungry.

You visited 1 branch of the dungeon, and saw 3 of its levels.

You collected 160 gold pieces.

Inventory:

Hand Weapons
 a - a +0 hand axe (weapon)
Armour
 b - a +0 animal skin (worn)
Jewellery
 g - a ring of protection from magic (left hand)
Scrolls
 e - 5 scrolls of remove curse {unknown}
 h - a scroll of enchant weapon {unknown}
 j - a scroll of blinking {unknown}
 k - a scroll of amnesia {unknown}
 l - a scroll of magic mapping {unknown}
 n - a scroll of fog {unknown}
Potions
 d - a potion of heal wounds {unknown}
 i - a potion of agility {unknown}
 m - a potion of curing {unknown}
 o - a potion of cancellation {unknown}
Comestibles
 c - 6 rations
 f - 10 chunks of flesh


   Skills:
 + Level 4.2 Fighting
 + Level 3.5 Axes
 + Level 3.5 Armour
 + Level 2.5 Dodging


You had 4 spell levels left.
You didn't know any spells.
Your spell library was empty.

Dungeon Overview and Level Annotations

Branches:
Dungeon (3/15)

Altars:


Innate Abilities, Weirdness & Mutations

You are resistant to torment.
Your stone body is resilient. (AC +4)
You are immune to poison.
You resist negative energy. (rN+)
You are resistant to electric shocks. (rElec)
You can survive without breathing.
You are immune to petrification.
You are immune to rotting.


Message History

You hit the giant cockroach.
You kill the giant cockroach!
Trog accepts your kill.
You closely miss the orc. You slash the worm!
You kill the worm!
Trog accepts your kill.
You slash the orc!
You kill the orc!
Trog accepts your kill.
The orc zaps a wand.
The burst of metal fragments misses you. x2
The burst of metal fragments hits you but does no damage.
The burst of metal fragments misses you.
The burst of metal fragments hits you but does no damage. x3
You barely miss the orc priest.
The orc wizard casts a spell.
The orc wizard blinks!
The orc priest hits you with a +0 flail.
You die...

#..)......#.#
#.........#.###
######........#
#....#.#.
#......#
#......#
#####.># #
..######'#.#
.......†@).#
.......†o..#
..........o§...
................
..............##
..#####.......##
. #.......##
#o........


You could see an orc priest, an orc wizard and an orc.

Vanquished Creatures
  6 adders
  2 worms
  2 dart slugs (D:3)
  2 leopard geckos
  3 orcs (D:3)
  8 giant cockroaches
  7 goblins
  6 hobgoblins
  9 jackals
  A quokka (D:2)
  A ball python (D:2)
  10 bats
  6 frilled lizards
  8 kobolds
  9 rats
80 creatures vanquished.

Notes
Turn   | Place    | Note
-------+----------+-------------------------------------------
     0 | D:1      | Fang the Gargoyle Berserker began the quest for the Orb.
     0 | D:1      | Reached XP level 1. HP: 14/14 MP: 1/1
    95 | D:1      | Reached XP level 2. HP: 16/19 MP: 2/2
   357 | D:1      | Reached XP level 3. HP: 23/23 MP: 3/3
   359 | D:1      | Reached ** piety under Trog
  1187 | D:2      | Reached XP level 4. HP: 29/29 MP: 4/4
  1316 | D:2      | Reached skill level 4 in Fighting
  1957 | D:3      | Reached *** piety under Trog
  1991 | D:3      | Reached XP level 5. HP: 32/33 MP: 5/5
  2217 | D:3      | HP: 1/33 [giant cockroach (1)]
  2224 | D:3      | Slain by an orc priest

Levels and vault maps discovered:
D:1:      dpeg_arrival_tiny_a, layout_basic,
          hangedman_abyss_or_decor_lesser_grid, minmay_vboxes
D:2:      layout_basic, minmay_tripent
D:3:      layout_basic, marbit_many_paths, cheibrodos_ashenzari_chains

Skill      XL: |  1  2  3  4 |
---------------+-------------+-----
Axes           | 3 |  3.5
Dodging        | 2 |  2.5
Armour         | 3 |  3.5
Fighting       | 4 |  4.2

Action                   |  1- 3 |  4- 6 || total
-------------------------+-------+-------++-------
Melee: Hand axe          |   119 |   132 ||   251
Invok: Berserk           |       |     1 ||     1
  Eat: Chunk             |     1 |     4 ||     5
Armor: Animal skin       |    61 |    68 ||   129
Dodge: Dodged            |   129 |   105 ||   234
